 Dungeon Crawl Stone Soup version 0.22-a0-614-g34fbaa0 (webtiles) character file.

188 pmoppi the Cudgeler (level 5, 0/34 HPs)
             Began as a Gargoyle Monk on July 21, 2018.
             Was a Believer of Okawaru.
             Killed from afar by an orc wizard (7 damage)
             ... with a magic dart
             ... on level 4 of the Dungeon.
             The game lasted 00:05:12 (3229 turns).

pmoppi the Cudgeler (Gargoyle Monk)                 Turns: 3229, Time: 00:05:14

Health: 0/34       AC: 18    Str: 15    XL:     5   Next: 67%
Magic:  5/5        EV: 11    Int: 11    God:    Okawaru [**....]
Gold:   183        SH:  4    Dex: 12    Spells: 4/4 levels left

rFire    . . .     SeeInvis .   a - +1 flail (protect)
rCold    . . .     Gourm    .   q - +0 buckler
rNeg     + . .     Faith    .   h - +0 ring mail
rPois    ∞         Spirit   .   (no helmet)
rElec    +         Reflect  .   (no cloak)
rCorr    .         Harm     .   u - +1 pair of gloves
MR       .....                  (no boots)
Stlth    +.........             (no amulet)
HPRegen  0.11/turn              (no ring)
MPRegen  0.09/turn              (no ring)

@: protection aura, slowed, very slow
A: negative energy resistance 1, electricity resistance, unbreathing,
petrification resistance, rot immunity, AC +4
a: Heroism, Renounce Religion


You were on level 4 of the Dungeon.
You worshipped Okawaru.
Okawaru was pleased with you.
You were hungry.

You visited 1 branch of the dungeon, and saw 4 of its levels.

You collected 183 gold pieces.

Inventory:

Hand Weapons
 a - a +1 flail of protection (weapon)
Armour
 h - a +0 ring mail (worn)
 q - a +0 buckler (worn)
 u - a +1 pair of gloves (worn)
Wands
 j - a wand of iceblast (8)
Scrolls
 b - a scroll of blinking {unknown}
 i - a scroll of enchant armour
 k - 2 scrolls of teleportation
 l - a scroll of enchant weapon
 t - a scroll of immolation
Potions
 d - a potion of brilliance {unknown}
 e - 3 potions of agility {unknown}
 f - a potion of flight {unknown}
 g - 4 potions of curing
 m - a potion of haste {unknown}
 n - 3 potions of magic
 s - a potion of might {unknown}
Comestibles
 c - 10 rations


   Skills:
 + Level 4.5 Fighting
 * Level 5.1 Maces & Flails
 - Level 2.4 Dodging
 - Level 2.1 Stealth
 + Level 1.5 Shields


You had 4 spell levels left.
You didn't know any spells.
Your spell library was empty.

Dungeon Overview and Level Annotations

Branches:
Dungeon (4/15)
 Temple: D:4-7

Altars:
Kikubaaqudgha
Okawaru
Ru
Trog
Uskayaw


Innate Abilities, Weirdness & Mutations

You are resistant to torment.
Your stone body is resilient. (AC +4)
You are immune to poison.
You resist negative energy. (rN+)
You are resistant to electric shocks. (rElec)
You can survive without breathing.
You are immune to petrification.
You are immune to rotting.


Message History

The orc wizard mumbles some strange words.
The orc wizard blinks!
The orc hits you but does no damage. x2
The orc hits you with a hand axe.
* * * LOW HITPOINT WARNING * * *
The orc wizard hits you but does no damage.
You closely miss the orc wizard. The orc wizard hits you with a dagger.
* * * LOW HITPOINT WARNING * * *
The orc hits you but does no damage.
The orc wizard hits you but does no damage.
You block the orc's attack. The orc hits you but does no damage.
The orc wizard hits you with a dagger.
* * * LOW HITPOINT WARNING * * *
You sock the orc!
Your weapon exudes an aura of protection.
You kill the orc!
Okawaru accepts your kill. The orc wizard barely misses you.
The orc hits you but does no damage.
The orc wizard gestures at you while chanting.
The magic dart hits you!
You die...

,,,,,,,,,,..........######.....,,
**+*,,,,,***##...............#*+*
,,,*,,,,,*,,,#..........§....#,,,
,,,*,,,,,*,,,#...........§§..#,,,
,,,+,,,,,*,,,#..........§§§..#,,,
,,,*,,,,,+,,,#..........§§.).#,,,
,,,*,,,,,*,,,#..........§§...#,,,
,,,*,,,,,*,,,#...o......§...>#,,,
,,,*,,,,,*+**#.)@............#**,
,,,****,,,>,*##o#######........**
,,,,,,*,,,,,#.)).+,,,,#........#
,,,,,,*,,,,,+....#,,,,#........#
,,,,,,*,,,,,#....#,,,,*,,,,,,,,*
,,,,,,*,,,,,#....#,,,,*,,,,,,,,*
,,,,,,*,,,,,#....#,,,,*,,,,,,,,*
,,,,,,*,,,,,#....#,,,,*,,,,,,,,*
,,,,,,*,,,,,#....#,,,,*,,,,,,,,*


You could see an orc wizard and an orc.

Vanquished Creatures
  2 orc priests (D:4)
  An orc wizard (D:3)
  An adder (D:3)
  3 worms
  4 dart slugs
  3 leopard geckos
  9 orcs
  3 bats
  3 giant cockroaches
  2 goblins
  8 hobgoblins
  5 jackals
  A quokka (D:3)
  7 frilled lizards
  5 kobolds
  5 rats
62 creatures vanquished.

Notes
Turn   | Place    | Note
-------+----------+-------------------------------------------
     0 | D:1      | pmoppi the Gargoyle Monk began the quest for the Orb.
     0 | D:1      | Reached XP level 1. HP: 14/14 MP: 1/1
   553 | D:1      | Reached XP level 2. HP: 18/19 MP: 2/2
  1023 | D:1      | Reached XP level 3. HP: 24/24 MP: 3/3
  1450 | D:2      | Reached skill level 4 in Maces & Flails
  1830 | D:3      | Reached XP level 4. HP: 11/29 MP: 4/4
  2033 | D:3      | Found a sacrificial altar of Ru.
  2243 | D:3      | Found an iron altar of Okawaru.
  2248 | D:3      | Found a bloodstained altar of Trog.
  2251 | D:3      | Became a worshipper of Warmaster Okawaru
  2251 | D:3      | Reached * piety under Okawaru
  2251 | D:3      | Reached ** piety under Okawaru
  2596 | D:3      | Found a hide-covered altar of Uskayaw.
  2637 | D:3      | Reached skill level 1 in Shields
  2637 | D:3      | Reached XP level 5. HP: 30/33 MP: 5/5
  2715 | D:3      | Found an ancient bone altar of Kikubaaqudgha.
  3213 | D:4      | Reached skill level 5 in Maces & Flails
  3229 | D:4      | Killed from afar by an orc wizard

Vault maps used:
D:1:      dpeg_arrival_court
D:2:      kennysheep_cross_room, minmay_misc_feat_rows, minmay_heptomino_l4
D:3:      minitemple, nicolae_ru_great_annihilating_truth,
          kiku_gazebo_pond_becter, nicolae_overflow_crystal_walls, first_ration
D:4:      nemelex_diamond_rough_becter, uniq_menkaure

Skill      XL: |  1  2  3  4  5 |
---------------+----------------+-----
Maces & Flails | 4 5 |  5.1
Fighting       | 4 |  4.5
Shields        | 1 |  1.5
Dodging        | |  2.4
Stealth        | |  2.1

Action                   |  1- 3 |  4- 6 || total
-------------------------+-------+-------++-------
Melee: Mace              |   157 |    50 ||   207
       Flail             |       |    51 ||    51
  Use: Scroll            |       |    11 ||    11
 Stab: Sleeping          |     4 |     3 ||     7
       Paralysed         |       |     1 ||     1
  Eat: Chunk             |     3 |     4 ||     7
Armor: Robe              |    16 |       ||    16
       Ring mail         |    35 |    60 ||    95
Dodge: Dodged            |    96 |    60 ||   156
Block: Buckler           |       |    14 ||    14

Table legend:
 A = Spawn XP
 B = Non-spawn XP
 C = Spawn XP percentage of total XP
 D = Spawn monster count
 E = Non-spawn monster count
 F = Spawn count percentage of total count
 G = Total turns spent on level
                    A         B        C        D         E        F      G
               +---------+---------+-------+---------+---------+-------+---------
         Total |       0 |     269 |   0.0 |       0 |      62 |   0.0 |  3229
               +---------+---------+-------+---------+---------+-------+---------
           D:1 |       0 |      46 |   0.0 |       0 |      24 |   0.0 |  1432
           D:2 |       0 |      34 |   0.0 |       0 |      14 |   0.0 |   382
           D:3 |       0 |     100 |   0.0 |       0 |      21 |   0.0 |  1358
           D:4 |       0 |      89 |   0.0 |       0 |       3 |   0.0 |    57
               +---------+---------+-------+---------+---------+-------+---------
